 Dungeon Crawl Stone Soup version 0.26-a0-639-g72c4674329 (webtiles) character file.

Game seed: 1887453486325828846

36 Gargoyl the Skirmisher (level 3, 0/35 HPs)
             Began as a Gnoll Abyssal Knight on Sept 15, 2020.
             Was a Follower of Lugonu.
             Slain by Natasha (1 damage)
             ... on level 2 of the Dungeon.
             The game lasted 00:01:54 (1285 turns).

Gargoyl the Skirmisher (Gnoll Abyssal Knight)       Turns: 1285, Time: 00:01:55

Health: 0/35       AC:  3    Str: 15    XL:     3   Next: 37%
Magic:  6/6        EV: 12    Int: 14    God:    Lugonu [*.....]
Gold:   45         SH:  0    Dex: 14    Spells: 3/3 levels left

rFire    + . .     SeeInvis .   a - +1 hand axe
rCold    . . .     Faith    .   (no shield)
rNeg     . . .     Spirit   .   b - +0 leather armour
rPois    .         Reflect  .   (no helmet)
rElec    .         Harm     .   (no cloak)
rCorr    .         Rampage  .   (no gloves)
MR       .....                  (no boots)
Stlth    +.........             (no amulet)
HPRegen  0.11/turn              c - ring of protection from fire
MPRegen  0.10/turn              (no ring)

@: about to teleport, slowed, very slow
A: distributed training, fangs 1, strong nose
a: Depart the Abyss, Renounce Religion


You were on level 2 of the Dungeon.
You worshipped Lugonu.
Lugonu was aware of your devotion.
You visited 1 branch of the dungeon, and saw 2 of its levels.
You visited the Abyss 1 time.

You collected 45 gold pieces.

Inventory:

Hand Weapons
 a - a +1 hand axe (weapon)
Armour
 b - a +0 leather armour (worn)
Jewellery
 c - a ring of protection from fire (left hand)
 g - an uncursed amulet of faith {unknown}
Scrolls
 e - a scroll of identify
 h - a scroll of enchant weapon {unknown}


   Skills:
 + Level 6.5 Fighting
 + Level 0.7 Short Blades
 + Level 0.7 Long Blades
 + Level 4.5 Axes
 + Level 0.7 Maces & Flails
 + Level 0.7 Polearms
 + Level 0.7 Staves
 + Level 0.7 Slings
 + Level 0.7 Bows
 + Level 0.7 Crossbows
 + Level 0.7 Throwing
 + Level 4.5 Armour
 + Level 2.6 Dodging
 + Level 0.7 Stealth
 + Level 0.7 Shields
 + Level 0.7 Unarmed Combat
 + Level 0.7 Spellcasting
 + Level 0.5 Conjurations
 + Level 0.5 Hexes
 + Level 0.5 Summonings
 + Level 0.5 Necromancy
 + Level 0.5 Translocations
 + Level 0.5 Transmutations
 + Level 0.5 Fire Magic
 + Level 0.5 Ice Magic
 + Level 0.5 Air Magic
 + Level 0.5 Earth Magic
 + Level 0.5 Poison Magic
 + Level 4.5 Invocations
 + Level 0.7 Evocations


You had 3 spell levels left.
You didn't know any spells.
Your spell library was empty.

Dungeon Overview and Level Annotations

Branches:
Dungeon (2/15)

Altars:

Annotations:
D:2 Natasha


Innate Abilities, Weirdness & Mutations

Your experience applies equally to all skills.
You have very sharp teeth.
Your uncanny sense of smell can sniff out nearby items.


Message History

You barely miss Natasha. Your bite misses Natasha.
Natasha is moderately wounded.
Natasha claws you!
* * * LOW HITPOINT WARNING * * *
Natasha casts a spell at you. The magic dart hits you.
* * * LOW HITPOINT WARNING * * *
You feel better. Natasha casts a spell at you.
You resist with significant effort. Natasha claws you.
* * * LOW HITPOINT WARNING * * *
As you read the scroll labeled GUGITEMIHO, it crumbles to dust.
It is a scroll of identify.
f - a scroll of teleportation Natasha casts a spell at you.
The magic dart hits you!
* * * LOW HITPOINT WARNING * * *
As you read the scroll of teleportation, it crumbles to dust.
You feel strangely unstable. Natasha barely misses you. Natasha claws you.
You die...

#.......?..
#.........#
#.........#
#.........#
##.......##
#.........#
#..<......####
#...h........#
#.?.@.........
#.........###.
##.......##
##.....##
#######


You could see Natasha.

Vanquished Creatures
  2 dart slugs
  3 leopard geckos (D:1)
  5 bats (D:1)
  2 giant cockroaches
  4 goblins (D:1)
  A hobgoblin (D:1)
  3 kobolds (D:1)
  2 frilled lizards (D:1)
  8 rats (D:1)
30 creatures vanquished.

Notes
Turn   | Place    | Note
-------+----------+-------------------------------------------
     0 | Abyss:1  | Gargoyl the Gnoll Abyssal Knight began the quest for the
                  | Orb.
     0 | Abyss:1  | Reached XP level 1. HP: 23/23 MP: 3/3
    88 | Abyss:1  | Noticed a wretched star
    89 | D:1      | Escaped the Abyss
   333 | D:1      | Reached XP level 2. HP: 24/29 MP: 5/5
   610 | D:1      | Reached * piety under Lugonu
   885 | D:1      | Reached XP level 3. HP: 35/35 MP: 6/6
  1263 | D:2      | Noticed Natasha
  1284 | D:2      | HP: 1/35 [Natasha/magic dart (9)]
  1285 | D:2      | Slain by Natasha

Illustrated notes

Levels and vault maps discovered:
D:1:      dpeg_arrival_leaves_temple_mockup, layout_basic
D:2:      wander_river, layout_rooms, nicolae_qazlal_general_emergency,
          nicolae_ru_great_annihilating_truth, lemuel_doored_altar, uniq_natasha

Action                   || total
-------------------------++-------
Melee: Hand axe          ||    89
       Bite              ||     7
Invok: Depart the Abyss  ||     1
  Use: Scroll            ||     2
       Potion            ||     2
 Stab: Sleeping          ||     1
Armor: Leather armour    ||    23
Dodge: Dodged            ||    68

Table legend: (Time is in decaauts)
 A = Elapsed time spent in this place.
 B = Non-inter-level travel time spent in this place.
 C = Inter-level travel time spent in this place.
 D = Time resting spent in this place.
 E = Time spent auto-exploring this place.
 F = Levels seen in this place.
 G = Mean time per level.
                   A        B        C        D        E       F      G
               +--------+--------+--------+--------+--------+-----+--------+
         Total |   1299 |   1283 |     16 |     22 |    992 |   3 |  433.0 |
       Dungeon |   1210 |   1194 |     16 |     22 |    906 |   2 |  605.0 |
         Abyss |     88 |     88 |      0 |      0 |     86 |   1 |   88.0 |
               +--------+--------+--------+--------+--------+-----+--------+

Top non-repeatable levels by time:
     D:1: 1179 daAuts
 Abyss:1: 88 daAuts
     D:2: 31 daAuts
